 Dungeon Crawl Stone Soup version 0.29-a0-341-g24ffce5b50 (webtiles) character file.

Game seed: 8443583012036882332

930 Jortsu the Cudgeller (level 7, -8/68 HPs)
             Began as a Troll Fighter on Apr 20, 2022.
             Was a Follower of Qazlal.
             Mangled by Menkaure (16 damage)
             ... on level 6 of the Dungeon.
             The game lasted 00:07:08 (4488 turns).

Jortsu the Cudgeller (Troll Fighter)                Turns: 4488, Time: 00:07:08

Health: -8/68      AC:  4    Str: 27    XL:     7   Next: 86%
Magic:  6/6        EV: 10    Int:  4    God:    Qazlal [*.....]
Gold:   179        SH: 10    Dex: 15    Spells: 6/6 levels left

rFire   . . .      SeeInvis .   a - +1 flail
rCold   . . .      Faith    .   c - +0 kite shield
rNeg    . . .      Spirit   .   b - +0 robe
rPois   .          Reflect  .   (helmet restricted)
rElec   .          Harm     .   (no cloak)
rCorr   .          Rampage  .   (gloves unavailable)
Will    .....                   (boots unavailable)
Stlth   ++........              (no amulet)
HPRegen 1.01/turn               f - +6 ring of dexterity
MPRegen 0.10/turn               (no ring)

@: studying Hexes
A: large, unfitting armour, claws 3, regeneration 1, shaggy fur 1, tough skin 1
a: Renounce Religion


You were on level 6 of the Dungeon.
You worshipped Qazlal.
Qazlal was aware of your devotion.
You visited 2 branches of the dungeon, and saw 7 of its levels.

You collected 179 gold pieces.

Inventory:

Hand Weapons
 a - a +1 flail (weapon)
Armour
 b - a +0 robe (worn)
 c - a +0 kite shield (worn)
Jewellery
 f - a +6 ring of dexterity (left claw)
 k - a ring of ice
 r - a ring of fire
Wands
 t - a wand of charming (2)
 v - a wand of paralysis (4)
Scrolls
 o - 3 scrolls of teleportation
 q - 2 scrolls of fog
Potions
 d - a potion of might
 e - a potion of brilliance
 g - 2 potions of invisibility
 h - 2 potions of ambrosia
 i - a potion of cancellation {unknown}
 j - a potion of flight
 l - 2 potions of attraction {unknown}
 m - 3 potions of heal wounds {unknown}
 p - 2 potions of magic {unknown}
 s - a potion of resistance {unknown}
 u - a potion of mutation {unknown}
 w - a potion of lignification {unknown}


   Skills:
 + Level 3.8 Fighting
 + Level 5.5 Maces & Flails
 + Level 4.1 Dodging
 + Level 1.0 Stealth
 + Level 3.8 Shields


You had 6 spell levels left.
You didn't know any spells.
Your spell library contained the following spells:

 Spells                   Type           Power      Damage    Failure   Level
 Blink                    Tloc           0%         N/A       90%         2
 Lesser Beckoning         Tloc           0%         N/A       99%         3
 Manifold Assault         Tloc           0%         N/A       100%        5


Dungeon Overview and Level Annotations

Branches:
Dungeon (6/15)             Temple (1/1) D:4

Altars:
Ashenzari
Elyvilon
Fedhas
Hepliaklqana
Kikubaaqudgha
Makhleb
Nemelex Xobeh
Okawaru
Qazlal
Ru
Sif Muna
Trog
Uskayaw
Xom

Shops:
D:2 (

Annotations:
D:6 Menkaure


Innate Abilities, Weirdness & Mutations

You are too large for most types of armour.
You have claws for hands.
Your natural rate of healing is unusually fast.
You are covered in fur. (AC +1)
You have tough skin. (AC +1)


Message History

The kobold brigand hits you with a +0 dagger.
You miss the kobold brigand.
The kobold brigand is almost dead.
The kobold brigand barely misses you. Menkaure barely misses you.
You miss the kobold brigand.
The kobold brigand is almost dead.
The kobold brigand hits you with a +0 dagger.
Menkaure hits you!!
* * * LOW HITPOINT WARNING * * *
The kobold brigand hits you with a +0 dagger.
* * * LOW HITPOINT WARNING * * *
You sock the kobold brigand!
You kill the kobold brigand!
Qazlal accepts your kill.
Menkaure mumbles some strange words.
Menkaure seems to speed up.
You sock Menkaure!
Menkaure is heavily damaged.
Menkaure hits you!
* * * LOW HITPOINT WARNING * * *
Menkaure barely misses you.
You barely miss Menkaure.
Menkaure is heavily damaged.
Menkaure closely misses you.
You hit Menkaure.
Menkaure is severely damaged.
You block Menkaure's attack. Menkaure barely misses you.
You hit Menkaure but do no damage.
Menkaure is severely damaged.
You block Menkaure's attack.
You barely miss Menkaure.
Menkaure is severely damaged.
Menkaure calls on the powers of darkness!
Your body is wracked with pain!
* * * LOW HITPOINT WARNING * * *
You block Menkaure's attack.
You hit Menkaure.
Menkaure is almost destroyed.
Menkaure hits you!
You die...

#..<..##'######...#
#....<##....#####'#
#.................#
#.................#
#......M..........#
#............>....#
#............######
#...>..K.....##...#
#..K..##.....##@..#
#...†.##)M?#
#..<.......#
#.....##...#
#.....##...#
+..........#
#.......^..#
########...+ #####


You could see Menkaure (fast).

Vanquished Creatures
  An ogre (D:5)
  A sky beast (D:6)
  2 centaurs (D:5)
  Blork the orc (D:5)
  A kobold brigand (D:6)
  A necrophage (D:4)
  A hound (D:5)
  An orc priest (D:4)
  A jelly (D:5)
  A gnoll shaman (D:4)
  Ijyb (D:3)
  2 iguanas
  An orc wizard (D:3)
  5 gnolls (D:4)
  5 adders
  2 white imps (D:5)
  3 worms
  2 dart slugs
  12 orcs
  3 ball pythons
  6 bats
  8 endoplasms
  7 giant cockroaches
  8 goblins
  4 hobgoblins
  6 jackals (D:1)
  10 kobolds
  4 quokkas
  5 frilled lizards
  8 rats
113 creatures vanquished.

Notes
Turn   | Place    | Note
-------+----------+-------------------------------------------
     0 | D:1      | Jortsu the Troll Fighter began the quest for the Orb.
     0 | D:1      | Reached XP level 1. HP: 22/22 MP: 0/0
   115 | D:1      | Reached XP level 2. HP: 26/29 MP: 1/1
   293 | D:1      | Reached skill level 2 in Maces & Flails
   504 | D:1      | Reached XP level 3. HP: 29/36 MP: 2/2
  1002 | D:2      | Reached XP level 4. HP: 44/44 MP: 3/3
  1030 | D:2      | Found Siabbech's Weapon Boutique.
  1462 | D:3      | Reached skill level 3 in Maces & Flails
  1639 | D:3      | Noticed Ijyb
  1658 | D:3      | Killed Ijyb
  1659 | D:3      | Reached XP level 5. HP: 52/52 MP: 4/4
  1696 | D:3      | Found a broken altar of Ashenzari.
  1772 | D:3      | Found a bloodstained altar of Trog.
  2450 | D:4      | Reached skill level 4 in Maces & Flails
  2450 | D:4      | Reached XP level 6. HP: 57/61 MP: 5/5
  2576 | D:4      | Found a staircase to the Ecumenical Temple.
  2585 | Temple   | Entered the Ecumenical Temple
  2708 | Temple   | Became a worshipper of Qazlal Stormbringer
  3543 | D:5      | Entered Level 5 of the Dungeon
  3583 | D:5      | Reached XP level 7. HP: 28/67 MP: 6/6
  3829 | D:5      | Reached skill level 1 in Stealth
  3847 | D:5      | Noticed Blork the orc
  3858 | D:5      | Killed Blork the orc
  3858 | D:5      | Reached * piety under Qazlal
  3903 | D:5      | Reached skill level 5 in Maces & Flails
  4360 | D:6      | Noticed Menkaure
  4360 | D:6      | Found an iron altar of Okawaru.
  4426 | D:6      | Found a sacrificial altar of Ru.
  4488 | D:6      | Mangled by Menkaure

Illustrated notes

Levels and vault maps discovered:
D:1:      dpeg_arrival_orchard, layout_loops_ring,
          corexii_item_surrounded_by_moat
D:2:      layout_rooms, serial_shops, nicolae_shop_bloodbath_and_beyond,
          kennysheep_generic_room_5
D:3:      layout_loops_ring, nicolae_ashenzari_panopticon, lemuel_crystal_altar,
          uniq_ijyb
D:4:      layout_layer_cave, minmay_temple_entry_antechambers
D:5:      layout_cave_pools, minmay_manual_mares, uniq_blork_the_orc
D:6:      layout_gridville, mainiacjoe_overflow_large_starburst,
          mainiacjoe_overflow_small_starburst, minmay_hedge_maze, uniq_menkaure
Temple:   compressed_dpeg_circular_temple

Skill      XL: |  1  2  3  4  5  6  7 |
---------------+----------------------+-----
Maces & Flails | 2 3 4 5 |  5.5
Shields        | 3 |  3.8
Dodging        | 3 4 |  4.1
Fighting       | 3 |  3.8
Stealth        | 1 |  1.0

Action                   |  1- 3 |  4- 6 |  7- 9 || total
-------------------------+-------+-------+-------++-------
Melee: Flail             |   147 |   157 |    90 ||   394
  Use: Scroll            |     1 |     8 |     1 ||    10
 Stab: Distracted        |       |     1 |       ||     1
       Sleeping          |       |     2 |       ||     2
Armor: Robe              |    78 |    49 |     8 ||   135
Dodge: Dodged            |    86 |    76 |    26 ||   188
Block: Kite shield       |    90 |    93 |    48 ||   231

Table legend: (Time is in decaauts)
 A = Elapsed time spent in this place.
 B = Non-inter-level travel time spent in this place.
 C = Inter-level travel time spent in this place.
 D = Time resting spent in this place.
 E = Time spent auto-exploring this place.
 F = Levels seen in this place.
 G = Mean time per level.
                   A        B        C        D        E       F      G
               +--------+--------+--------+--------+--------+-----+--------+
         Total |   4630 |   4495 |    135 |    548 |   2683 |   7 |  661.4 |
       Dungeon |   4489 |   4371 |    118 |    548 |   2615 |   6 |  748.2 |
        Temple |    140 |    123 |     17 |      0 |     68 |   1 |  140.0 |
               +--------+--------+--------+--------+--------+-----+--------+

Top non-repeatable levels by time:
     D:4: 1333 daAuts
     D:5: 877 daAuts
     D:3: 826 daAuts
     D:1: 725 daAuts
     D:2: 630 daAuts
  Temple: 140 daAuts
     D:6: 96 daAuts
